Map: Deathaura LE

Players

A.I. 1 (Very Easy) - Winner!

  • Race: Protoss Protoss
  • Spawn Location: 5:00

TheCowboy

  • Race: Protoss Protoss
  • League: Grandmaster
  • Spawn Location: 11:00

VOD

https://www.youtube.com/watch?v=Fyg6ppMIeEU&ab_channel=Harstem

Description

Time

  • Played on: Dec. 4, 2020, 4 a.m.
  • Length: 7:46
Show
View Real Time Build Order
Export as new Build Order

A.I. 1 (Very Easy) Protoss - Winner!

Build Orders:  

Get SALT Encoding   

  12  0:00  Probe  
  13  0:13  Probe  
  14  0:20  Pylon  
  14  0:37  Assimilator  
  14  0:43  Gateway  
  14  0:46  Pylon  
  14  1:13  Assimilator  
  14  1:23  Probe  
  14  1:31  Probe  
  14  1:32  Zealot  
  17  1:34  Cybernetics Core  
  17  1:39  Probe  
  19  1:49  Probe  
  20  1:59  Probe  
  20  2:07  Probe  
  21  2:10  Warp Gate  
  22  2:43  Stalker  
  24  6:10  Probe  
  24  7:05  Probe  
  24  7:13  Probe, Adept  
  26  7:16  Pylon  
  26  7:18  Robotics Facility  
  26  7:19  Nexus  
  27  7:23  Probe  
  28  7:33  Probe  
Show
View Real Time Build Order
Export as new Build Order

TheCowboy Protoss 

Build Orders: Phoenix Opening 

Get SALT Encoding   

  12  0:01  Probe  
  13  0:13  Probe  
  14  0:17  Pylon  
  14  0:25  Probe  
  15  0:37  Probe (Chrono Boost)  
  15  0:38  Gateway  
  16  0:49  Probe (Chrono Boost), Assimilator  
  17  0:55  Probe (Chrono Boost)  
  18  0:58  Assimilator  
  18  1:04  Probe  
  18  1:08  Gateway  
  19  1:17  Probe (Chrono Boost)  
  20  1:27  Cybernetics Core  
  20  1:28  Probe (Chrono Boost)  
  21  1:33  Probe (Chrono Boost)  
  21  1:36  Pylon  
  22  1:43  Probe  
  23  1:55  Probe  
  24  2:02  Warp Gate (Chrono Boost)  
  24  2:04  Stalker x2  
  28  2:12  Pylon  
  28  2:14  Probe  
  29  2:34  Sentry  
  29  2:37  Sentry  
  33  2:41  Nexus  
  33  2:48  Shield Battery  
  33  2:51  Probe  
  34  3:02  Sentry  
  34  3:03  Probe  
  37  3:07  Phoenix  
  37  3:08  Pylon  
  37  3:15  Probe  
  38  3:26  Twilight Council  
  38  3:28  Probe  
  39  3:40  Probe  
  40  3:44  Stalker x2  
  44  3:52  Probe (Chrono Boost)  
  45  3:56  Probe (Chrono Boost)  
  45  4:02  Forge  
  47  4:03  Blink  
  47  4:04  Probe (Chrono Boost)  
  47  4:06  Probe (Chrono Boost)  
  47  4:09  Probe (Chrono Boost)  
  48  4:11  Probe (Chrono Boost)  
  50  4:18  Probe  
  50  4:22  Probe  
  52  4:28  Assimilator  
  52  4:29  Gateway  
  52  4:30  Probe  
  52  4:31  Gateway  
  53  4:33  Protoss Ground Weapons Level 1 (Chrono Boost)  
  53  4:34  Probe  
  53  4:37  Robotics Facility  
  54  4:43  Probe  
  55  4:48  Probe  
  55  4:51  Pylon  
  57  5:03  Nexus  
  57  5:05  Probe x2  
  58  5:09  Pylon  
  58  5:20  Probe  
  58  5:21  Probe  
  60  5:22  Stalker x2  
  60  5:25  Observer  
  65  5:31  Stalker  
  65  5:32  Probe  
  65  5:33  Probe  
  65  5:35  Stalker  
  71  5:40  Pylon  
  71  5:44  Probe  
  71  5:45  Probe  
  71  5:46  Shield Battery, Pylon  
  73  5:52  Observer  
  75  5:57  Stalker, Probe (Chrono Boost)  
  75  5:58  Stalker  
  75  5:59  Probe (Chrono Boost)  
  80  6:09  Probe (Chrono Boost)  
  80  6:11  Stalker x2  
  84  6:12  Probe (Chrono Boost)  
  84  6:14  Probe (Chrono Boost)  
  84  6:15  Probe (Chrono Boost)  
  88  6:20  Probe  
  88  6:22  Gateway  
  88  6:23  Probe  
  90  6:27  Probe  
  90  6:29  Gateway  
  91  6:32  Probe  
  91  6:35  Probe  
  91  6:38  Assimilator  
  91  6:39  Assimilator  
  93  6:41  Probe  
  93  6:42  Pylon  
  94  6:47  Probe  
  94  6:50  Robotics Bay  
  94  6:53  Robotics Facility  
  95  6:56  Photon Cannon  
  95  6:58  Probe  
  95  7:00  Photon Cannon  
  96  7:02  Probe x2  
  96  7:05  Stalker x2  
  102  7:09  Zealot x2  
  102  7:13  Pylon  
  106  7:27  Nexus  
  106  7:28  Pylon  
  106  7:29  Probe x2  
  108  7:35  Stalker x3  
Tags
 
Matchup
PvP
Spawn Locations
Cross Positions
Add a new tag
Caveats
  • Supply blocks, unpowered buildings, or Contaminate may cause inaccurate times.
  • Supply counts are checked every 10 seconds.